 Dungeon Crawl Stone Soup version 0.25.1-2-g60ff931df9 (webtiles) character file.

Game seed: 3584821062024009883

357 DogServant the Sneak (level 6, -6/42 HPs)
             Began as a Vampire Enchanter on Oct 14, 2020.
             Killed by divine providence
             ... invoked by an orc priest
              (8 damage)
             ... on level 4 of the Dungeon.
             The game lasted 00:17:03 (3260 turns).

DogServant the Sneak (Vampire Enchanter)            Turns: 3260, Time: 00:17:04

Health: -6/42      AC:  4    Str:  7    XL:     6   Next: 36%
Magic:  8/18       EV: 28    Int: 18    God:
Gold:   149        SH:  0    Dex: 16    Spells: 0/9 levels left

rFire    . . .     SeeInvis +   r - +0 dagger (elec)
rCold    . . .     Gourm    .   (no shield)
rNeg     . . .     Faith    .   b - +0 robe
rPois    .         Spirit   .   s - +0 helmet
rElec    .         Reflect  .   (no cloak)
rCorr    .         Harm     .   (no gloves)
MR       .....                  i - +0 pair of boots
Stlth    ++++......             l - amulet of the acrobat
HPRegen  0.34/turn              f - ring of magical power
MPRegen  0.16/turn              (no ring)

@: about to teleport, acrobat, very slightly contaminated, regenerating quickly
A: no food, fangs 3, see invisible, unbreathing
a: Exsanguinate


You were on level 4 of the Dungeon.
You were alive.

You visited 1 branch of the dungeon, and saw 4 of its levels.

You collected 149 gold pieces.

Inventory:

Hand Weapons
 r - a +0 dagger of electrocution (weapon)
Missiles
 q - 3 javelins
 t - 10 poisoned darts (quivered)
Armour
 a - a +0 pair of gloves
 b - a +0 robe (worn)
 i - a +0 pair of boots (worn)
 s - a +0 helmet (worn)
Jewellery
 e - an uncursed amulet of reflection
 f - a ring of magical power (left hand)
 l - an amulet of the acrobat (around neck)
Scrolls
 d - 4 scrolls of remove curse
 g - 3 scrolls of magic mapping
 n - a scroll of fear {unknown}
Potions
 h - a potion of stabbing
 k - a potion of mutation
 o - a potion of lignification
 p - 3 potions of curing


   Skills:
 + Level 0.3 Fighting
 + Level 4.2 Short Blades
 - Level 2.1 Dodging
 + Level 7.1 Stealth
 - Level 2.0 Spellcasting
 - Level 7.0 Hexes
 - Level 0.2 Ice Magic


You couldn't memorise any spells.
You knew the following spells:

 Your Spells              Type           Power        Failure   Level  Hunger
a - Corona                Hex            ####...      1%          1    N/A
b - Ensorcelled Hibernat  Hex/Ice        ##....       6%          2    N/A
c - Confusing Touch       Hex            ####....     3%          3    N/A
d - Tukima's Dance        Hex            ####....     3%          3    N/A

Your spell library contained the following spells:

 Spells                   Type           Power        Failure   Level  Hunger
 Dazzling Flash           Conj/Hex       ##....       13%         3    N/A

Dungeon Overview and Level Annotations

Branches:
Dungeon (4/15)             Temple (0/1) D:4

Altars:

Annotations:
D:4 Sigmund


Innate Abilities, Weirdness & Mutations

You do not eat.
Your natural rate of healing is unusually fast.
You have razor-sharp teeth.
You have supernaturally acute eyesight. (SInv)
You can survive without breathing.


Message History

Aim: an orc priest, wielding a +0 short sword and wearing a +0 leather armour (chance to defeat MR: 45%)
The orc priest resists with some effort.
The orc chortles and stares into space.
The orc barely misses the frilled lizard.
The frilled lizard bites you.
The orc priest mumbles some strange prayers to Beogh against you.
Pain shoots through your body!
* * * LOW HITPOINT WARNING * * *
Okay, then.
Okay, then.
As you read the scroll of teleportation, it crumbles to dust.
You feel strangely unstable.
The frilled lizard bites you but does no damage.
The orc closely misses you.
The orc priest hits you with a +0 short sword.
* * * LOW HITPOINT WARNING * * *
The frilled lizard completely misses you.
The orc priest mumbles some strange prayers to Beogh against you.
Beogh smites you!
You die...

*,,,,,,,,* #.##*****,* *,,,,,,,,*
#*...,*,,,,* *,,,,,,,,*
#)..#,*,******* ****
*,,,,,,,,*###.#.#,*,**,,,,****,,,
',,,,,,,,,,......,,,,#,**,,,**,*,
*,,,,,,,,***#.#.####.#,**,*,**,*,
*,,,,,,,,* #...o.o..#,,,,*,,,,*,
******+*** *##.l.#,,,,,,,,*****,
* *,* #..@.#,*****,,* *, * *,*
#.####,,,,,,,,*****, * *,*
#...##>******,,,,**, ** *,*
###..### ****,**, ,* *,* #..)†#
*,**, ,** *,* #..#)#****** *,,,,
,,* *,* #..#)#*,,,,* ***** *,*
*,* #..#.#*,**,* *,*
*,#########.<#.#,,,,,*


You could see an orc priest, an orc (confused) and a frilled lizard.

Vanquished Creatures
  A howler monkey (D:4)
  A hound (D:4)
  An orc wizard (D:3)
  A centaur skeleton (D:4)
  An iguana (D:4)
  7 gnolls
  5 adders
  A shadow imp (D:4)
  An ooze (D:3)
  A worm (D:2)
  3 dart slugs
  2 leopard geckos
  4 orcs (D:3)
  6 giant cockroaches
  6 goblins
  7 hobgoblins
  5 jackals
  A quokka (D:2)
  A ball python (D:2)
  4 bats
  3 frilled lizards
  14 kobolds
  6 rats
82 creatures vanquished.

Notes
Turn   | Place    | Note
-------+----------+-------------------------------------------
     0 | D:1      | DogServant the Vampire Enchanter began the quest for the
                  | Orb.
     0 | D:1      | Reached XP level 1. HP: 13/13 MP: 3/3
   200 | D:1      | Reached XP level 2. HP: 2/19 MP: 1/5
   349 | D:1      | Learned a level 2 spell: Ensorcelled Hibernation
   623 | D:1      | Reached skill level 5 in Hexes
   935 | D:2      | Reached XP level 3. HP: 16/19 MP: 6/6
  1098 | D:2      | Reached skill level 5 in Stealth
  1461 | D:2      | Learned a level 3 spell: Confusing Touch
  1903 | D:3      | Reached XP level 4. HP: 22/27 MP: 7/7
  2417 | D:3      | Reached XP level 5. HP: 31/31 MP: 8/8
  2984 | D:4      | Reached XP level 6. HP: 36/36 MP: 8/9
  3044 | D:4      | Noticed Sigmund
  3132 | D:3      | Learned a level 3 spell: Tukima's Dance
  3259 | D:4      | HP: 1/42 [orc priest/+0 short sword (6)]
  3260 | D:4      | Killed from afar by an orc priest

Illustrated notes

Levels and vault maps discovered:
D:1:      dpeg_chamrin_arrival_tetris, layout_loops_cross
D:2:      layout_loops_ring
D:3:      layout_basic, minmay_misc_feat_nine_boxes, kennysheep_crisscross
D:4:      layout_basic, nicolae_overflow_hidden_temple,
          minmay_temple_entry_proselytizer, portal_sewer_entry_e, uniq_sigmund

Skill      XL: |  1  2  3  4  5  6 |
---------------+-------------------+-----
Short Blades   | 2 3 4 |  4.2
Hexes          | 5 6 7 |  7.0
Stealth        | 5 6 7 |  7.1
Fighting       | |  0.3
Dodging        | |  2.1
Spellcasting   | |  2.0
Ice Magic      | |  0.2

Action                   |  1- 3 |  4- 6 || total
-------------------------+-------+-------++-------
Melee: Dagger            |   130 |   136 ||   266
       Bite              |    14 |    16 ||    30
 Cast: Corona            |    19 |       ||    19
       Ensorcelled Hiber |     9 |    29 ||    38
       Confusing Touch   |     2 |    13 ||    15
 Abil: Exsanguinate      |     1 |       ||     1
       Revivify          |     1 |       ||     1
  Use: Potion            |     1 |     1 ||     2
       Scroll            |       |    11 ||    11
 Stab: Sleeping          |    11 |    14 ||    25
       Confused          |       |     6 ||     6
Armor: Robe              |    18 |    26 ||    44
Dodge: Dodged            |    77 |   120 ||   197
Block: Other             |    22 |       ||    22
